Map: Ascension to Aiur LE

Players

Harstem - Winner!

  • Race: Protoss Protoss
  • League: Master
  • Spawn Location: 5:00

Stephano

  • Race: Zerg Zerg
  • League: Grandmaster
  • Spawn Location: 11:00

Event: HomeStory Cup XVI

VOD

Have the link to the VOD?

Description

Time

  • Played on: Nov. 9, 2017, 11:03 a.m.
  • Length: 7:32

All games in this series

Show
View Real Time Build Order
Export as new Build Order

Harstem Protoss - Winner!

Build Orders: Nexus First, Oracle Opening, Zealot Archon, Archon Drop 

Get SALT Encoding   

  1  0:00  Probe (Chrono Boost)  
  12  0:05  Probe (Chrono Boost)  
  14  0:18  Pylon  
  15  0:23  Probe (Chrono Boost)  
  15  0:38  Probe (Chrono Boost)  
  17  0:50  Probe (Chrono Boost)  
  17  0:57  Nexus  
  17  1:07  Probe (Chrono Boost)  
  17  1:08  Gateway  
  18  1:15  Probe (Chrono Boost)  
  19  1:21  Assimilator  
  20  1:27  Assimilator, Probe (Chrono Boost)  
  20  1:39  Probe (Chrono Boost)  
  21  1:51  Gateway  
  21  1:55  Cybernetics Core  
  21  1:58  Probe (Chrono Boost)  
  22  2:02  Pylon  
  22  2:06  Probe (Chrono Boost)  
  22  2:07  Probe (Chrono Boost)  
  22  2:12  Probe (Chrono Boost)  
  22  2:14  Probe (Chrono Boost)  
  27  2:24  Probe (Chrono Boost)  
  27  2:26  Probe (Chrono Boost)  
  28  2:32  Stalker, Warp Gate  
  28  2:36  Probe (Chrono Boost)  
  32  2:38  Probe (Chrono Boost)  
  32  2:42  Stargate  
  32  2:48  Adept, Probe (Chrono Boost)  
  36  2:52  Probe (Chrono Boost)  
  36  3:00  Probe (Chrono Boost)  
  36  3:03  Pylon  
  36  3:04  Probe (Chrono Boost)  
  38  3:11  Adept, Probe (Chrono Boost)  
  41  3:13  Probe (Chrono Boost)  
  41  3:16  Oracle  
  41  3:19  Probe (Chrono Boost)  
  42  3:25  Assimilator, Probe (Chrono Boost)  
  47  3:29  Assimilator  
  47  3:31  Probe (Chrono Boost)  
  48  3:37  Probe (Chrono Boost)  
  50  3:43  Probe (Chrono Boost)  
  50  3:45  Pylon  
  50  3:48  Robotics Facility  
  51  3:49  Probe (Chrono Boost)  
  52  4:00  Gateway  
  52  4:01  Forge, Probe (Chrono Boost)  
  52  4:02  Twilight Council  
  53  4:07  Gateway  
  52  4:12  Phoenix, Probe (Chrono Boost)  
  55  4:18  Pylon  
  55  4:29  Pylon  
  55  4:34  Probe (Chrono Boost)  
  52  4:43  Nexus  
  52  4:44  Protoss Ground Weapons Level 1, Pylon  
  52  4:47  Warp Prism  
  52  4:52  Charge  
  54  5:00  Gateway  
  54  5:05  Zealot  
  55  5:08  Gateway  
  55  5:20  Warp Prism, Gateway  
  55  5:22  Gateway  
  55  5:25  Zealot  
  55  5:26  Zealot  
  61  5:37  Templar Archives  
  61  5:46  Probe (Chrono Boost)  
  61  5:47  Zealot x2, Probe (Chrono Boost)  
  68  5:58  Probe (Chrono Boost)  
  68  5:59  Probe (Chrono Boost)  
  68  6:00  Sentry  
  68  6:01  Probe (Chrono Boost)  
  72  6:10  Probe (Chrono Boost)  
  74  6:11  Probe (Chrono Boost)  
  74  6:15  High Templar x4, Pylon  
  74  6:16  High Templar x2  
  87  6:19  Zealot  
  87  6:21  Shield Battery  
  87  6:23  Pylon  
  87  6:25  Archon x3  
  88  6:26  Zealot  
  88  6:31  Probe (Chrono Boost)  
  88  6:32  Pylon  
  89  6:42  Probe (Chrono Boost)  
  89  6:44  High Templar x2, Zealot x2, Pylon  
  98  6:50  Archon  
  98  6:51  Zealot x4  
  106  6:58  Probe (Chrono Boost)  
  106  7:00  Zealot x2  
  106  7:01  Probe (Chrono Boost)  
  108  7:05  Probe (Chrono Boost)  
  109  7:09  Zealot  
  109  7:11  Probe (Chrono Boost)  
  109  7:13  Probe (Chrono Boost)  
  110  7:17  Probe (Chrono Boost)  
  110  7:20  Zealot x4  
  115  7:28  Zealot x2  
Show
View Real Time Build Order
Export as new Build Order

Stephano Zerg 

Build Orders: Hatch First 

Get SALT Encoding   

  12  0:00  Drone  
  13  0:12  Overlord  
  13  0:17  Drone  
  14  0:31  Drone x2  
  14  0:35  Drone  
  17  0:51  Hatchery  
  17  0:55  Drone  
  17  0:57  Drone  
  18  1:09  Extractor  
  17  1:12  Spawning Pool  
  17  1:15  Drone  
  17  1:19  Drone  
  18  1:28  Drone  
  19  1:39  Overlord  
  19  1:50  Drone  
  20  1:59  Queen  
  20  2:00  Zergling x2  
  23  2:02  Queen  
  23  2:03  Drone  
  26  2:11  Drone  
  26  2:12  Metabolic Boost  
  26  2:15  Drone  
  28  2:22  Drone  
  29  2:26  Drone  
  30  2:33  Hatchery  
  30  2:35  Drone  
  30  2:42  Queen  
  32  2:45  Drone  
  32  2:47  Drone  
  32  2:51  Overlord  
  34  2:56  Drone  
  35  3:00  Zergling x2  
  36  3:10  Drone x3  
  36  3:12  Overlord  
  39  3:13  Drone x3  
  39  3:17  Queen  
  44  3:21  Overlord  
  44  3:25  Spore Crawler  
  43  3:27  Spore Crawler  
  43  3:30  Drone  
  43  3:32  Drone  
  44  3:39  Drone  
  44  3:40  Drone  
  46  3:41  Evolution Chamber  
  46  3:42  Drone  
  46  3:44  Drone x2  
  46  3:45  Drone  
  46  3:48  Drone  
  50  3:50  Zergling x4  
  50  3:55  Queen  
  52  3:59  Overlord  
  52  4:01  Drone  
  55  4:04  Drone  
  55  4:05  Drone  
  55  4:08  Spore Crawler  
  56  4:10  Zerg Melee Weapons Level 1  
  56  4:13  Overlord  
  56  4:20  Zergling x4  
  56  4:21  Zergling x2  
  56  4:22  Drone x3  
  56  4:24  Drone  
  63  4:28  Baneling Nest  
  61  4:32  Drone x2  
  61  4:38  Drone x5  
  63  4:43  Drone x2  
  63  4:45  Drone  
  68  4:46  Drone  
  68  4:47  Queen  
  68  4:50  Drone  
  68  4:51  Extractor x2, Drone  
  71  4:54  Overlord  
  71  4:56  Drone  
  72  5:08  Drone x2  
  72  5:10  Lair  
  72  5:11  Overlord  
  72  5:14  Extractor x2, Drone  
  72  5:17  Overlord  
  72  5:18  Overlord  
  72  5:20  Drone x2  
  72  5:23  Zergling x4  
  72  5:24  Overlord, Hatchery  
  73  5:30  Overlord  
  73  5:34  Zergling x2  
  73  5:35  Zergling x2  
  75  5:36  Hatchery  
  75  5:41  Drone  
  75  5:42  Drone x3  
  78  5:45  Zergling x10  
  83  5:57  Overlord x2  
  83  6:01  Drone x2  
  83  6:02  Drone  
  83  6:03  Drone x3  
  89  6:04  Drone x2  
  89  6:07  Extractor  
  89  6:09  Evolution Chamber, Centrifical Hooks  
  88  6:12  Hydralisk Den  
  88  6:18  Overlord  
  87  6:23  Baneling x6  
  87  6:24  Zergling x8  
  91  6:29  Spine Crawler  
  90  6:36  Zergling x10  
  95  6:43  Hydralisk x3  
  95  6:45  Hydralisk  
  103  6:48  Hydralisk x2  
  100  6:54  Hydralisk  
  100  6:55  Hydralisk x4  
  100  6:59  Hydralisk  
  100  7:02  Zergling x2  
  100  7:03  Zergling x4  
  100  7:05  Hydralisk  
  94  7:10  Zergling x2  
Tags
 
Add a new tag
Caveats
  • Supply blocks, unpowered buildings, or Contaminate may cause inaccurate times.
  • Supply counts are checked every 10 seconds.